 Dungeon Crawl Stone Soup version 0.19-a0-1886-gd64a0f0 (webtiles) character file.

12386 Deemzul the Carver (level 11, -10/80 HPs)
             Began as an Octopode Berserker on Oct 15, 2016.
             Was an Elder of Trog.
             Mangled by a six-headed hydra (16 damage)
             ... on level 12 of the Dungeon.
             The game lasted 00:20:31 (12136 turns).

Deemzul the Carver (Octopode Berserker)            Turns: 12136, Time: 00:20:31

Health: -10/80     AC:  1    Str: 16    XL:     11   Next: 92%
Magic:  11/11      EV: 19    Int: 11    God:    Trog [****..]
Gold:   708        SH:  0    Dex: 16    Spells: 0 memorised, 10 levels left

rFire  . . .     SeeInvis .     F - +1 great sword (freeze)
rCold  . . .     Gourm    .     (shield currently unavailable)
rNeg   . . .     Faith    .     (helmet restricted)
rPois  +         Spirit   .     l - amulet of dismissal
rElec  .         Dismiss  +     t - +2 ring of intelligence
rCorr  +         Reflect  .     u - ring of poison resistance
MR     .....     Harm     .     L - ring of stealth
Stlth  ++++++++..               M - ring of resist corrosion
                                N - ring of stealth
                                T - ring of flight
                                O - +3 ring of slaying
                                (no ring)

@: no status effects
A: almost no armour, stealthy swim, amphibious, 8 rings, constrict 8, camouflage
1, gelatinous body 1
a: Berserk, Trog's Hand, Brothers in Arms, Burn Spellbooks, Renounce Religion,
Evoke Flight


You were on level 12 of the Dungeon.
You worshipped Trog.
Trog was greatly pleased with you.
You were hungry.

You visited 2 branches of the dungeon, and saw 13 of its levels.

You collected 804 gold pieces.
You spent 96 gold pieces at shops.

Inventory:

Hand Weapons
 a - a +0 falchion
 s - a +0 short sword of electrocution
 z - the +1 long sword of Responsibility {freeze, *Drain rC++ rN+ Int+3}
   (You found it on level 6 of the Dungeon)

   It has been specially enchanted to freeze those struck by it, causing extra
   injury to most foes and up to half again as much damage against particularly
   susceptible opponents.
   It can also slow down cold-blooded creatures.
   It affects your intelligence (+3).
   It greatly protects you from cold.
   It protects you from negative energy.
   It causes draining when unequipped.
 A - a +4 antimagic scimitar
 F - a +1 great sword of freezing (weapon)
 U - a +2 great sword
Jewellery
 l - an amulet of dismissal (around mantle)
 t - a +2 ring of intelligence (left tentacle)
 u - a ring of poison resistance (right tentacle)
 L - a ring of stealth (on tentacle)
 M - a ring of resist corrosion (on tentacle)
 N - a ring of stealth (on tentacle)
 O - a +3 ring of slaying (on tentacle)
 T - a ring of flight (on tentacle)
Wands
 p - a wand of flame (27/48)
 r - a wand of paralysis (15/24)
 v - a wand of flame (16/48)
 y - a wand of hasting (4/9)
 C - a wand of iceblast (11/15)
 G - a wand of enslavement (17/24)
 J - a wand of paralysis (11/24)
 S - a wand of random effects (15/48)
Scrolls
 c - a scroll of recharging
 e - 7 scrolls of remove curse
 g - 5 scrolls of teleportation {unknown}
 i - 2 scrolls of blinking {unknown}
 k - 5 scrolls of identify {unknown}
 H - 2 scrolls of torment {unknown}
 K - 3 scrolls of enchant armour
 Q - a scroll of noise {unknown}
 V - a scroll of immolation {unknown}
Potions
 f - 3 potions of magic {unknown}
 h - 2 potions of lignification
 j - 9 potions of curing
 m - 2 potions of invisibility {unknown}
 n - a potion of degeneration {unknown}
 o - a potion of flight
 q - a potion of resistance
 w - 2 potions of berserk rage {unknown}
 B - 2 potions of brilliance {unknown}
 E - a potion of haste
Books
 x - a book of Maledictions

   Spells                             Type                      Level
   a - Corona                         Hexes                        1
   b - Ensorcelled Hibernation        Hexes/Ice                    2
   c - Confuse                        Hexes                        3
   d - Tukima's Dance                 Hexes                        3
   e - Dazzling Spray                 Conjuration/Hexes            3
   Trog disapproves of the use of such an item.
 R - the Grimoire of Snow and Transformation
   (You found it on level 10 of the Dungeon)

   Spells                             Type                      Level
   a - Beastly Appendage              Transmutation                1
   b - Throw Frost                    Conjuration/Ice              2
   c - Sticks to Snakes               Transmutation                2
   d - Ignite Poison                  Fire/Transmutation/Poison    3
   e - Blade Hands                    Transmutation                5
   f - Dragon Form                    Transmutation                7
   Trog disapproves of the use of such an item.
Comestibles
 b - 9 bread rations
 d - 4 meat rations
 D - 3 beef jerkies
 I - 24 fruits


   Skills:
 + Level 9.1 Fighting
 * Level 12.1 Long Blades
 + Level 8.9 Dodging
 + Level 11.6 Stealth


You had 10 spell levels left.
You didn't know any spells.

Dungeon Overview and Level Annotations

Branches:
Dungeon (12/15)            Temple (1/1) D:5
   Lair: D:8-11         Orc: D:9-12

Altars:
Ashenzari
Cheibriados
Dithmenos
Elyvilon
Fedhas
Gozag
Hepliaklqana
Kikubaaqudgha
Makhleb
Nemelex Xobeh
Okawaru
Qazlal
Sif Muna
Trog
Uskayaw
Vehumet
Xom
Zin
The Shining One

Shops:
D:3 *   D:10 !(


Innate Abilities, Weirdness & Mutations

You cannot wear most types of armour.
You are very stealthy in the water. (Stealth+)
You are amphibious.
You can wear up to eight rings at the same time.
You can use your tentacles to constrict eight enemies at once.
Your skin changes colour to match your surroundings (Stealth+).
Your rubbery body absorbs attacks. (AC +1, EV +1)


Message History

F - a +1 great sword of freezing (weapon)
Okay, then.
The spellbook bursts into flames.
Trog is delighted!
The six-headed hydra is engulfed in roaring flames.
The six-headed hydra bites you! The six-headed hydra misses you.
The six-headed hydra bites you!
The six-headed hydra closely misses you.
The six-headed hydra completely misses you.
The six-headed hydra bites you.
The six-headed hydra is engulfed in roaring flames.
The six-headed hydra closely misses you.
You riposte.
You barely miss the six-headed hydra.
Your squeeze misses the six-headed hydra.
The six-headed hydra is moderately wounded.
The six-headed hydra bites you! x2
* * * LOW HITPOINT WARNING * * *
The six-headed hydra bites you!
* * * LOW HITPOINT WARNING * * *
The six-headed hydra bites you!
You die...

.........# .(.......#
.........# #...........#
#.........).#
#...........#
#...........#
#####..........D########
................@.......
.......................)
...(....................
#####..)........########
#)[.........#
#..<........#
#...........#
#.>.........#
#...........#


You could see a six-headed hydra.

Vanquished Creatures
  Harold (D:11)
  A hydra (D:11)
  The ghost of Deemzul the Martial Artist, a novice OpFi of Dithmenos (D:9)
  An unseen horror (D:11)
  Pikel (D:6)
  A deep elf mage (D:12)
  3 hill giants
  A gargoyle (D:11)
  The ghost of Kirkhe the Bolt Thrower, a novice OpAM of Cheibriados (D:5)
  3 slime creatures (D:12)
  A hippogriff (D:8)
  A basilisk (D:12)
  A hungry ghost (D:11)
  2 water moccasins
  4 orc warriors
  4 ice beasts
  A slave (D:5)
  2 phantoms
  2 sky beasts
  3 ogres
  5 centaurs
  2 big kobolds
  6 bullfrogs
  A wyvern zombie (D:7)
  5 scorpions
  2 wights
  3 killer bees (D:11)
  A howler monkey (D:5)
  3 crimson imps (D:6)
  A bullfrog zombie (D:6)
  A centaur zombie (D:5)
  11 hounds
  A centaur skeleton (D:5)
  4 orc priests
  9 orc wizards
  2 bullfrog skeletons
  4 gnoll shamans
  2 iguanas (D:6)
  12 worker ants
  A hound zombie (D:10)
  A worker ant zombie (D:7)
  45 gnolls
  10 adders
  4 shadow imps
  3 oozes
  An adder zombie (D:6)
  A worm (D:4)
  A dart slug (D:3)
  12 leopard geckos
  44 orcs
  7 bats
  5 giant cockroaches
  3 goblins
  7 hobgoblins
  26 jackals
  9 kobolds
  3 quokkas
  9 frilled lizards
  A giant cockroach zombie (D:5)
  2 jackal skeletons
  A leopard gecko zombie (D:5)
  4 rats
310 creatures vanquished.

Vanquished Creatures (collateral kills)
  A hydra (D:11)
  A cyclops (D:11)
  An ugly thing (D:12)
  A troll (D:12)
  A hungry ghost (D:12)
  An orc warrior (D:10)
  A centaur (D:12)
  A howler monkey (D:10)
  A bullfrog skeleton (D:12)
  3 orc wizards
  5 orcs
17 creatures vanquished.

Grand Total: 327 creatures vanquished

Notes
Turn   | Place    | Note
-------+----------+-------------------------------------------
     0 | D:1      | Deemzul the Octopode Berserker began the quest for the Orb.
     0 | D:1      | Reached XP level 1. HP: 16/16 MP: 1/1
    51 | D:1      | Reached XP level 2. HP: 20/21 MP: 2/2
    67 | D:1      | Reached skill level 1 in Stealth
   223 | D:1      | Reached XP level 3. HP: 20/26 MP: 3/3
   271 | D:1      | Reached ** piety under Trog
   580 | D:2      | Found a bloodstained altar of Trog.
  1000 | D:3      | Reached skill level 4 in Long Blades
  1000 | D:3      | Reached XP level 4. HP: 31/31 MP: 4/4
  1109 | D:3      | Found Zin's Purification Station.
  1127 | D:3      | Found a glowing silver altar of Zin.
  1143 | D:3      | Noticed an ice beast
  1150 | D:3      | Killed an ice beast
  1150 | D:3      | Reached XP level 5. HP: 37/37 MP: 5/5
  1400 | D:4      | Reached XP level 6. HP: 43/43 MP: 6/6
  1403 | D:4      | Reached skill level 5 in Long Blades
  1445 | D:4      | Found a shattered altar of Ashenzari.
  1591 | D:4      | Reached *** piety under Trog
  1875 | D:4      | Reached XP level 7. HP: 49/49 MP: 7/7
  2443 | D:4      | Reached **** piety under Trog
  2443 | D:4      | Reached skill level 6 in Long Blades
  2470 | D:4      | Found a hide-covered altar of Uskayaw.
  2688 | D:4      | Reached skill level 5 in Fighting
  2694 | D:4      | Reached skill level 5 in Stealth
  2784 | D:4      | Reached XP level 8. HP: 53/55 MP: 8/8
  2950 | D:4      | Reached skill level 5 in Dodging
  3126 | D:5      | Entered Level 5 of the Dungeon
  3497 | D:5      | Found a staircase to the Ecumenical Temple.
  3607 | D:5      | Noticed Kirkhe's ghost (novice OpAM)
  3807 | D:5      | Killed Kirkhe's ghost
  3807 | D:5      | Reached skill level 7 in Long Blades
  3831 | Temple   | Entered the Ecumenical Temple
  4274 | D:5      | Reached XP level 9. HP: 58/62 MP: 9/9
  4378 | D:6      | Reached ***** piety under Trog
  4657 | D:6      | Reached skill level 8 in Long Blades
  4798 | D:6      | Noticed Pikel
  4869 | D:6      | Killed Pikel
  5292 | D:6      | Got a crystal long sword
  5293 | D:6      | Identified the cursed +1 long sword of Responsibility {freeze, *Drain rC++ rN+ Int+3} (You found it on level 6 of the Dungeon)
  5490 | D:6      | Reached skill level 9 in Long Blades
  6026 | D:7      | Reached XP level 10. HP: 71/71 MP: 10/10
  7289 | D:8      | Received a gift from Trog
  7420 | D:8      | Found a faded altar of an unknown god.
  7420 | D:8      | Found a faded altar of an unknown god.
  7425 | D:8      | Found a radiant altar of Vehumet.
  7428 | D:8      | Found a faded altar of an unknown god.
  7429 | D:8      | Found a faded altar of an unknown god.
  7673 | D:9      | Noticed Deemzul's ghost (novice OpFi)
  7692 | D:9      | Killed Deemzul's ghost
  7692 | D:9      | Reached skill level 10 in Long Blades
  8264 | D:10     | Entered Level 10 of the Dungeon
  8420 | D:10     | Found Ewihym's Distillery.
  8728 | D:10     | Bought a potion of curing for 48 gold pieces
  8728 | D:10     | Bought a potion of lignification for 48 gold pieces
  8741 | D:10     | Identified the Grimoire of Snow and Transformation
  8853 | D:10     | Found Dubo's Antique Weapon Boutique.
  9371 | D:11     | Reached skill level 10 in Stealth
  9496 | D:11     | Noticed a white ugly thing
  9854 | D:11     | Noticed a six-headed hydra
  9869 | D:11     | Killed a six-headed hydra
  9869 | D:11     | Reached XP level 11. HP: 43/77 MP: 3/11
 10233 | D:11     | Noticed a five-headed hydra
 10379 | D:11     | Noticed a cyclops
 10386 | D:11     | Killed a cyclops
 10386 | D:11     | Reached skill level 11 in Long Blades
 10422 | D:11     | Killed a five-headed hydra
 10537 | D:11     | Killed an unseen horror
 10610 | D:11     | Noticed Harold
 10667 | D:11     | Killed Harold
 10721 | D:11     | Noticed a hill giant
 10807 | D:12     | Noticed a brown ugly thing
 10827 | D:11     | Killed a hill giant
 11320 | D:12     | Noticed a hill giant
 11327 | D:12     | Killed a hill giant
 11331 | D:12     | Killed a brown ugly thing
 11465 | D:12     | Noticed a hill giant
 11476 | D:12     | Killed a hill giant
 11989 | D:11     | Reached skill level 12 in Long Blades
 12119 | D:12     | Noticed a deep elf mage
 12125 | D:12     | Noticed a six-headed hydra
 12125 | D:12     | Killed a deep elf mage
 12136 | D:12     | Mangled by a six-headed hydra

Vault maps used:
D:1:      dpeg_arrival_rooms_c
D:2:      trog_butcher_becter
D:3:      zin_purify
D:4:      lemuel_castle_with_subvaults, lemuel_crystal_altar, first_bread,
          cheibrodos_ashenzari_chains
D:5:      nrook_loot_triangle, kennysheep_generic_room_3
D:6:      minmay_diamond_boxcup, kennysheep_opposing_triangles, uniq_pikel
D:8:      chequers_temple_overflow_minitemple, blue_anna_alchemist
D:9:      gammafunk_temple_overflow_statue, erik_lair_dragon, david_orc_5,
          minmay_misc_feat_ornament, nicolae_lava_and_water
D:10:     serial_shops, shop_statue, shop, shop
D:11:     uniq_harold
Temple:   eino_temple_rhombus

Skill      XL: |  1  2  3  4  5  6  7  8  9 10 11 |
---------------+----------------------------------+-----
Stealth        | 1 2 3 5 6 8 10 11 | 11.6
Long Blades    | 4 5 6 7 9 10 12 | 12.1
Fighting       | 4 5 7 8 9 |  9.1
Dodging        | 4 5 6 8 |  8.9

Action                   |  1- 3 |  4- 6 |  7- 9 | 10-12 || total
-------------------------+-------+-------+-------+-------++-------
Melee: Falchion          |    65 |    11 |       |       ||    76
       Constrict         |    18 |    16 |    79 |    57 ||   170
       Tentacles         |    12 |    18 |    81 |    79 ||   190
       Short sword       |       |    72 |   265 |       ||   337
       Long sword        |       |       |    51 |   202 ||   253
       Scimitar          |       |       |       |    86 ||    86
       Great sword       |       |       |       |     7 ||     7
Invok: Berserk           |     2 |     2 |     1 |     3 ||     8
       Trog's Hand       |     1 |       |       |     4 ||     5
       Brothers in Arms  |       |       |       |     7 ||     7
       Burn Spellbooks   |       |       |       |     3 ||     3
  Use: Potion            |       |       |     4 |     4 ||     8
       Scroll            |       |       |       |     7 ||     7
 Stab: Sleeping          |     5 |     6 |    16 |    12 ||    39
       Distracted        |       |       |       |     6 ||     6
  Eat: Chunk             |     1 |     7 |     9 |    24 ||    41
       Meat ration       |       |       |     1 |       ||     1
       Pizza             |       |       |       |     1 ||     1
       Beef jerky        |       |       |       |     1 ||     1
Armor: Skin              |     9 |     2 |     5 |    18 ||    34
Dodge: Dodged            |    52 |    47 |   190 |   211 ||   500
       Rpst.: Falchion   |    16 |       |       |       ||    16
       Long sword        |       |       |     6 |    33 ||    39
       Scimitar          |       |       |       |    20 ||    20
       Great sword       |       |       |       |     2 ||     2
